cohdb
Replays
Latest Replays
All Replays
Popular Replays
Top Player Replays
Match Explorer
How It Works
Community
CoH3 Stats
Reddit
Sign in to upload your games and track your stats! →
Sign in with Steam
Match 24452910
Unlisted
Match 24452910
Overview
Messages
Build Orders
End
Engineer Squad
Selects Advanced Infantry Battlegroup
Construct Barracks
Riflemen Squad
Riflemen Squad
Riflemen Squad
Infantry Support Center
Selects Convert to Ranger Squad
Construct Motor Pool
Convert to Ranger Squad
Selects Frontline Medical Station
Frontline Medical Station
Convert to Ranger Squad
Selects Ammunition Storage
M24 Chaffee Light Tank
Selects M2A1 105mm Howitzer Emplacement
Convert to Ranger Squad
Selects Free Fire Drills
Frontline Medical Station
Engineer Squad
Selects Infantry Assault
Infantry Assault
Infantry Assault
Construct Tank Depot
Infantry Assault
Infantry Assault
M18 Hellcat Tank Destroyer
Infantry Assault
Infantry Assault
Frontline Medical Station
Infantry Assault
Construct Weapon Support Center
M18 Hellcat Tank Destroyer
Infantry Assault
Frontline Medical Station
Factionem Cartellum
Balrus
Space Dodo
insane
wilkom
iceman
0
0
Comments
sign in to comment!
No comments posted yet!